 Dungeon Crawl Stone Soup version 0.27.0-1-g7a089689b8 (webtiles) character file.

Game seed: 3789450426222601224

23 Sin92 the Covered (level 2, -1/27 HPs)
             Began as a Minotaur Fighter on Aug 11, 2021.
             Slain by a gnoll (5 damage)
             ... on level 2 of the Dungeon.
             The game lasted 00:00:43 (890 turns).

Sin92 the Covered (Minotaur Fighter)                 Turns: 890, Time: 00:00:43

Health: -1/27      AC:  9    Str: 20    XL:     2   Next: 75%
Magic:  1/1        EV:  5    Int:  5    God:
Gold:   9          SH:  9    Dex:  9    Spells: 1/1 levels left

rFire    . . .     SeeInvis .   a - +0 war axe
rCold    . . .     Faith    .   c - +0 kite shield
rNeg     . . .     Spirit   .   h - +0 chain mail
rPois    .         Reflect  .   (helmet restricted)
rElec    .         Harm     .   (no cloak)
rCorr    .         Rampage  .   (no gloves)
Will     .....                  (no boots)
Stlth    ..........             (no amulet)
HPRegen  0.09/turn              (no ring)
MPRegen  0.07/turn              (no ring)

@: no status effects
A: horns 2, retaliatory headbutt
a: no special abilities


You were on level 2 of the Dungeon.
You visited 1 branch of the dungeon, and saw 2 of its levels.

You collected 9 gold pieces.

Inventory:

Hand Weapons
 a - a +0 war axe (weapon)
Armour
 b - a +0 scale mail
 c - a +0 kite shield (worn)
 h - a +0 chain mail (worn)
Potions
 d - a potion of might
 e - a potion of curing {unknown}
 f - a potion of flight


   Skills:
 + Level 3.8 Fighting
 * Level 3.0 Axes
 + Level 3.9 Armour
 + Level 0.8 Dodging
 + Level 3.8 Shields


You had one spell level left.
You didn't know any spells.
Your spell library was empty.

Dungeon Overview and Level Annotations

Branches:
Dungeon (2/15)

Altars:


Innate Abilities, Weirdness & Mutations

You have a pair of horns on your head.
You reflexively headbutt those who attack you in melee.


Message History

A gnoll comes into view. It is wielding a +0 spear of flaming.
The gnoll shouts!
Found a leather armour.
Unknown command.
There are monsters nearby!
The gnoll hits you but does no damage.
Unknown command.
There are monsters nearby!
You block the gnoll's attack.
The gnoll hits you from afar with a +0 spear of flaming!
The gnoll burns you.
Unknown command.
There are monsters nearby!
Your shield and chain mail prevent you from hitting the gnoll.
You hit the gnoll. The gnoll hits you but does no damage.
The gnoll hits you from afar with a +0 spear.
The gnoll hits you from afar with a +0 spear of flaming.
The gnoll burns you.
* * * LOW HITPOINT WARNING * * *
The gnoll completely misses you. The gnoll closely misses you.
You block the gnoll's attack.
There are monsters nearby!
You are too injured to fight recklessly!
Unknown command.
There are monsters nearby!
You are too injured to fight recklessly!
Unknown command.
There are monsters nearby!
You are too injured to fight recklessly!
Unknown command.
There are monsters nearby!
You are too injured to fight recklessly!
Unknown command.
There are monsters nearby!
You are too injured to fight recklessly!
You block the gnoll's attack. The gnoll hits you with a +0 flail.
* * * LOW HITPOINT WARNING * * *
You block the gnoll's attack.
The gnoll hits you with a +0 spear of flaming.
You die...

######## ##......##
##........##
#..........#
#....g.g...##...#
#......@...##...#
#.....g.g..##...##
#..........##....#
##...............#
#..........##....
#..........# #.#[
#...<......###<####...
#...........##.......#
#...............######


You could see 4 gnolls.

Vanquished Creatures
  A dart slug (D:1)
  2 endoplasms
  2 hobgoblins (D:1)
  3 jackals (D:1)
  3 kobolds
  A bat (D:1)
  A frilled lizard (D:2)
  3 goblins (D:1)
  3 rats (D:1)
19 creatures vanquished.

Notes
Turn   | Place    | Note
-------+----------+-------------------------------------------
     0 | D:1      | Sin92 the Minotaur Fighter began the quest for the Orb.
     0 | D:1      | Reached XP level 1. HP: 19/19 MP: 0/0
   151 | D:1      | Reached XP level 2. HP: 27/27 MP: 1/1
   890 | D:2      | Slain by a gnoll

Illustrated notes

Levels and vault maps discovered:
D:1:      doesnt_arrival_eight_statues, layout_loops_ring, serial_glass,
          glass_columns_a, glass_columns_b, kennysheep_small_spiral,
          minmay_distorted
D:2:      layout_rooms, hellmonk_ecumenical_altar_pennies_from_heaven,
          kennysheep_generic_room_8

Skill      XL: |  1  2 |
---------------+-------+-----
Axes           | 3 |  3.0
Fighting       | |  3.8
Armour         | |  3.9
Dodging        | |  0.8
Shields        | |  3.8

Action                   || total
-------------------------++-------
Melee: War axe           ||    34
       Headbutt          ||     4
  Use: Scroll            ||     1
Armor: Scale mail        ||    11
       Chain mail        ||     6
Dodge: Dodged            ||    14
Block: Kite shield       ||    26
